 Dungeon Crawl Stone Soup version 0.20-a0-540-ge6d1839 (webtiles) character file.

79 Alarkh the Chopper (level 4, 35/35 HPs)
             Began as a Demonspawn Monk on Jan 29, 2017.
             Quit the game on level 2 of the Dungeon.
             The game lasted 00:01:37 (1870 turns).

Alarkh the Chopper (Demonspawn Monk)                Turns: 1870, Time: 00:01:38

Health: 35/35      AC:  4    Str: 11    XL:     4   Next: 17%
Magic:  4/4        EV: 13    Int: 13    God:
Gold:   115        SH:  4    Dex: 15    Spells: 3/3 levels left

rFire    . . .     SeeInvis .   a - +0 hand axe
rCold    . . .     Gourm    .   b - +0 robe
rNeg     . . .     Faith    .   (no shield)
rPois    .         Spirit   .   (no helmet)
rElec    .         Reflect  .   g - +0 cloak
rCorr    .         Harm     .   d - +0 pair of gloves
MR       .....                  (no boots)
Stlth    ++........             (no amulet)
Regen    0.2/turn               (no ring)
                                (no ring)

@: no status effects
A: large bone plates 1, demonic guardian 1
a: no special abilities


You were on level 2 of the Dungeon.
You were not hungry.

You visited 1 branch of the dungeon, and saw 2 of its levels.

You collected 115 gold pieces.

Inventory:

Hand Weapons
 a - a +0 hand axe (weapon)
Armour
 b - a +0 robe (worn)
 d - a +0 pair of gloves (worn)
 g - a +0 cloak (worn)
Wands
 m - a wand of confusion (15/48)
Scrolls
 e - a scroll of enchant weapon {unknown}
 f - 4 scrolls of identify {unknown}
 i - a scroll of blinking {unknown}
 k - a scroll of magic mapping {unknown}
 n - 2 scrolls of recharging {unknown}
Potions
 h - a potion of lignification {unknown}
 j - 2 potions of agility {unknown}
 o - a potion of degeneration {unknown}
 p - a potion of flight {unknown}
Comestibles
 c - 3 bread rations


   Skills:
 - Level 3.0 Fighting
 + Level 4.5 Axes
 - Level 2.6 Dodging
 - Level 1.7 Stealth


You had 3 spell levels left.
You didn't know any spells.

Dungeon Overview and Level Annotations

Branches:
Dungeon (2/15)

Altars:


Innate Abilities, Weirdness & Mutations

You are partially covered in large bone plates. (SH +4)
A weak demonic guardian rushes to your aid.


Message History

You have reached level 4!
You feel clever.
Your demonic ancestry asserts itself...
You feel the presence of a demonic guardian.
This raw flesh tastes terrible.
o - a bubbling puce potion
p - a glowing pink potion You see here a robe.
j - 2 smoky white potions (gained 1)
Found a robe.
You now have 115 gold pieces (gained 9).
You open the door.
Found a stone staircase leading down.
There is an open door here.
n - 2 scrolls labeled QAFIV JOCLA (gained 1)
You open the door.
There is an open door here.
There is an open door here.
A kobold comes into view. It is wielding a whip.
Found 11 stones and an amethyst potion.
Are you sure you want to abandon this character and quit the game? (Confirm with "yes".)

..# #..#.#### #.#
..# ##.#.# #. #.#
..# #.#.# #. #.# ###
#.#.# #. #.# #####
#...# #. #.# ....#
##..# #. #.# ....#
#..# #K #.#
....######.####.##.#
................@..#
##########.####.####
#...... ##.###. ..
.. ....( ....! ....


You could see a kobold (sleeping).

Vanquished Creatures
  Jessica (D:2)
  2 adders (D:2)
  2 worms (D:2)
  A dart slug (D:1)
  A leopard gecko (D:2)
  5 bats (D:1)
  A giant cockroach (D:2)
  3 goblins
  2 hobgoblins
  3 jackals (D:1)
  2 kobolds (D:1)
  2 frilled lizards
  5 rats
30 creatures vanquished.

Notes
Turn   | Place    | Note
-------+----------+-------------------------------------------
     0 | D:1      | Alarkh the Demonspawn Monk began the quest for the Orb.
     0 | D:1      | Reached XP level 1. HP: 18/18 MP: 1/1
   120 | D:1      | Reached skill level 3 in Axes
   343 | D:1      | Gained mutation: You are partially covered in large bone plates. (SH +4) [demonic ancestry]
   343 | D:1      | Reached XP level 2. HP: 22/24 MP: 2/2
  1418 | D:2      | Reached XP level 3. HP: 24/29 MP: 3/3
  1430 | D:2      | Reached skill level 4 in Axes
  1677 | D:2      | Noticed Jessica
  1687 | D:2      | Killed Jessica
  1687 | D:2      | Gained mutation: A weak demonic guardian rushes to your aid. [demonic ancestry]
  1687 | D:2      | Reached XP level 4. HP: 35/35 MP: 4/4
  1870 | D:2      | Quit the game

Vault maps used:
D:1:      kilobyte_arrival_exit_the_forest, nrook_mini_backslash
D:2:      uniq_jessica

Skill      XL: |  1  2  3 |
---------------+----------+-----
Axes           | 3 4 |  4.5
Fighting       | |  3.0
Dodging        | |  2.6
Stealth        | |  1.7

Action                   |  1- 3 |  4- 6 || total
-------------------------+-------+-------++-------
Melee: Hand axe          |   115 |       ||   115
Evoke: Wand              |     3 |       ||     3
 Stab: Sleeping          |     8 |       ||     8
       Confused          |     1 |       ||     1
  Eat: Chunk             |     2 |     1 ||     3
Armor: Robe              |    25 |       ||    25
Dodge: Dodged            |    69 |       ||    69
Block: Other             |    18 |       ||    18
